 Dungeon Crawl Stone Soup version 0.24.0-1-gfbc8707 (webtiles) character file.

Game seed: 2614087947336458146, levelgen mode: deterministic

23 bonscott the Grasshopper (level 3, -2/31 HPs)
             Began as a Gnoll Warper on Nov 10, 2019.
             Slain by a worm (3 damage)
             ... on level 1 of the Dungeon.
             The game lasted 00:01:45 (843 turns).

bonscott the Grasshopper (Gnoll Warper)              Turns: 843, Time: 00:01:46

Health: -2/31      AC:  3    Str: 14    XL:     3   Next: 0%
Magic:  9/9        EV: 14    Int: 15    God:
Gold:   66         SH:  0    Dex: 14    Spells: 11/11 levels left

rFire    . . .     SeeInvis .   a - +0 falchion
rCold    . . .     Gourm    .   (no shield)
rNeg     . . .     Faith    .   b - +0 leather armour
rPois    .         Spirit   .   (no helmet)
rElec    .         Reflect  .   (no cloak)
rCorr    .         Harm     .   (no gloves)
MR       .....                  (no boots)
Stlth    +.........             (no amulet)
HPRegen  0.10/turn              (no ring)
MPRegen  0.11/turn              (no ring)

@: no status effects
A: distributed training, fangs 1, strong nose
a: no special abilities


You were on level 1 of the Dungeon.
You were not hungry.

You visited 1 branch of the dungeon, and saw 2 of its levels.

You collected 66 gold pieces.

Inventory:

Hand Weapons
 a - a +0 falchion (weapon)
 l - a +0 dagger
Missiles
 e - 5 boomerangs of dispersal (quivered)
 j - 5 stones
Armour
 b - a +0 leather armour (worn)
Jewellery
 i - an uncursed ring of flight {unknown}
Scrolls
 d - a scroll of blinking
 k - a scroll of fog {unknown}
Potions
 g - a potion of curing {unknown}
 h - a potion of resistance {unknown}
Comestibles
 f - 2 rations


   Skills:
 + Level 4.5 Fighting
 + Level 0.5 Short Blades
 + Level 4.5 Long Blades
 + Level 0.5 Axes
 + Level 0.5 Maces & Flails
 + Level 0.5 Polearms
 + Level 0.5 Staves
 + Level 0.5 Slings
 + Level 0.5 Bows
 + Level 0.5 Crossbows
 + Level 2.5 Throwing
 + Level 2.5 Armour
 + Level 4.5 Dodging
 + Level 0.5 Stealth
 + Level 0.5 Shields
 + Level 0.5 Unarmed Combat
 + Level 4.9 Spellcasting
 + Level 0.4 Conjurations
 + Level 0.4 Hexes
 + Level 0.4 Charms
 + Level 0.4 Summonings
 + Level 0.4 Necromancy
 + Level 5.4 Translocations
 + Level 0.4 Transmutations
 + Level 0.4 Fire Magic
 + Level 0.4 Ice Magic
 + Level 0.4 Air Magic
 + Level 0.4 Earth Magic
 + Level 0.4 Poison Magic
 + Level 0.7 Invocations
 + Level 0.5 Evocations


You had 11 spell levels left.
You didn't know any spells.
Your spell library contained the following spells:

 Spells                   Type           Power        Failure   Level  Hunger
 Blink                    Tloc           N/A          3%          2    ##.....
 Gell's Gravitas          Tloc           ###.......   7%          3    ###....
 Lesser Beckoning         Tloc           ###.......   7%          3    ###....
 Teleport Other           Tloc           ###.....     7%          3    ###....
 Shroud of Golubria       Chrm/Tloc      ##....       10%         2    ##.....
 Passage of Golubria      Tloc           N/A          22%         4    ####...


Dungeon Overview and Level Annotations

Branches:
Dungeon (2/15)

Altars:


Innate Abilities, Weirdness & Mutations

Your experience applies equally to all skills.
You have very sharp teeth.
Your uncanny sense of smell can sniff out nearby items.


Message History

The worm is heavily wounded.
The hobgoblin completely misses you.
You barely miss the worm. Your bite misses the worm.
The worm is heavily wounded.
The hobgoblin hits you but does no damage.
The worm bites you.
* * * LOW HITPOINT WARNING * * *
You hit the worm. You bite the worm.
The worm is severely wounded.
The hobgoblin barely misses you.
You hit the worm.
The worm is almost dead.
The hobgoblin barely misses you.
You riposte.
You barely miss the hobgoblin. The worm bites you!
* * * LOW HITPOINT WARNING * * *
You hit the worm.
The worm is almost dead.
The hobgoblin hits you but does no damage.
The worm bites you.
You die...

###########
########## ###
#.........#
#........# #..
#.######..##
#g######.# #.#
#.# ##....##
#@# #.# #.# #.#
#......###w####
#.# #.# ##.#
##............#
#.# #.# ...#
#.....###.##.#
#.# #.# ####
##...##
#.##.###.# #..
#.###
#.#...##.# ###
##'##
#........#
##...##
###...####
##### ##
##.....##
#...#### #....


You could see a worm and a hobgoblin.

Vanquished Creatures
  A dart slug (D:1)
  A leopard gecko (D:1)
  2 bats (D:1)
  A goblin (D:1)
  2 hobgoblins (D:1)
  7 kobolds
  A frilled lizard (D:1)
  6 rats (D:1)
21 creatures vanquished.

Notes
Turn   | Place    | Note
-------+----------+-------------------------------------------
     0 | D:1      | bonscott the Gnoll Warper began the quest for the Orb.
     0 | D:1      | Reached XP level 1. HP: 20/20 MP: 6/6
   300 | D:1      | Reached XP level 2. HP: 24/26 MP: 7/7
   832 | D:2      | Reached XP level 3. HP: 23/31 MP: 9/9
   842 | D:1      | HP: 1/31 [worm (7)]
   843 | D:1      | Slain by a worm

Levels and vault maps discovered:
D:1:      saegor_arrival_miasma, layout_loops_corners
D:2:      layout_rooms, okawaru_ov_weapons_minmay

Action                   || total
-------------------------++-------
Melee: Falchion          ||    55
       Bite              ||     8
       Punch             ||     1
 Stab: Sleeping          ||     1
Armor: Leather armour    ||    10
Dodge: Dodged            ||    45
       Rpst.: Falchion   ||    16
